 Dungeon Crawl Stone Soup version 0.18.1-48-g4cf74bf (webtiles) character file.

347 Jerry the Caller (level 6, -4/41 HPs)
             Began as a Merfolk Summoner on July 13, 2016.
             Killed from afar by an orc wizard (8 damage)
             ... with a puff of flame
             ... on level 3 of the Dungeon.
             The game lasted 00:25:54 (5322 turns).

Jerry the Caller (Merfolk Summoner)                 Turns: 5322, Time: 00:25:55

Health: -4/41      AC:  3    Str:  9    XL:     6   Next: 59%
Magic:  9/9        EV: 15    Int: 16    God:
Gold:   107        SH:  0    Dex: 14    Spells: 1 memorised, 6 levels left

rFire  . . .     SeeInvis .     p - +0 spear
rCold  . . .     Gourm    .     a - +0 robe
rNeg   . . .     Faith    .     (no shield)
rPois  .         Spirit   .     (no helmet)
rElec  .         Dismiss  .     (no cloak)
rCorr  .         Reflect  .     (no gloves)
SustAt .         Harm     .     s - +0 pair of boots
MR     .....                    (no amulet)
Stlth  ++........               (no ring)
                                (no ring)

@: drained, not resistant to hostile enchantments, unstealthy
A: change form in water, swift swim
a: no special abilities


You were on level 3 of the Dungeon.
You were very hungry.

You visited 1 branch of the dungeon, and saw 4 of its levels.
You also visited: Sewer.

You collected 107 gold pieces.

Inventory:

Hand Weapons
 e - a cursed -1 halberd
 m - a +0 hunting sling
 p - a +0 spear (weapon)
 v - a +0 trident
Missiles
 k - 79 stones (quivered)
Armour
 a - a +0 robe (worn)
 s - a +0 pair of boots (worn)
Scrolls
 g - 2 scrolls of recharging
 l - 2 scrolls of teleportation
 o - a scroll of identify
 u - a scroll of blinking {unknown}
Potions
 d - a potion of flight
 h - a potion of agility
 i - a potion of mutation {unknown}
 j - 5 potions of curing {unknown}
 q - a potion of lignification {unknown}
 r - 2 potions of resistance
 t - a potion of might {unknown}
Books
 b - a book of Callings

   Spells                             Type                      Level
   a - Summon Small Mammal            Summoning                    1
   b - Call Imp                       Summoning                    2
   c - Call Canine Familiar           Summoning                    3
   d - Summon Guardian Golem          Hexes/Summoning              3
   e - Summon Lightning Spire         Summoning/Air                4
   f - Summon Ice Beast               Ice/Summoning                4
Comestibles
 c - 3 bread rations
 f - a meat ration
 n - a slice of pizza


   Skills:
 + Level 3.7(3.5) Polearms
 + Level 5.5(5.4) Dodging
 - Level 3.1(3.0) Stealth
 - Level 2.0(1.8) Spellcasting
 + Level 5.7(5.5) Summonings


You had 6 spell levels left.
You knew the following spells:

 Your Spells              Type           Power        Failure   Level  Hunger
b - Call Canine Familiar  Summ           ###.....     10%         3    ####...


Dungeon Overview and Level Annotations

Branches:
Dungeon (4/15)
 Temple: D:4-7

Altars:


Message History

The hound bites you.
* * * LOW HITPOINT WARNING * * *
The hound barely misses you.
There is a stone staircase leading up here.
You see here 2 tomahawks.
The hound bites you.
* * * LOW HITPOINT WARNING * * *
Something hits you but does no damage.
You climb upwards.
There is a stone staircase leading down here.
You're too confused to cast spells.
Something hits you.
* * * LOW HITPOINT WARNING * * *
You feel less confused.
You hear some strange, mumbled words.
Something tries to affect you, but you resist.
You are feeling very hungry.
A puff of flame appears from out of thin air!
The puff of flame hits you!
You die...

..............................#
.............####.............#
..#.)##..#....# #.......###...#
###...........# #..)....# #...#
# #...........# #....>..# #...#
# ##..[.......# #.......# #...#
# #.##.......# #.......# #...#
# #.###.#..#.###.......# #####
# #)# #.#......@.......# # #.#
#.#..#.###.#.#.###
#.###.#..#.....#.#.#
#........#.###.#.#.#
######.........#.#.#
##.##.#####.#.# #..........#.#
####.#######.# #.#######.#


There were no monsters in sight!

Vanquished Creatures
  A giant frog zombie (D:3)
  Natasha (D:2)
  2 gnolls
  4 adders
  3 river rats (Sewer)
  2 oozes (D:1)
  2 worms (D:2)
  7 dart slugs
  6 giant geckos
  7 bats
  A giant cockroach (D:2)
  4 goblins
  6 hobgoblins
  3 jackals (D:1)
  A quokka (D:3)
  6 ball pythons
  13 giant newts
  12 kobolds
  20 rats
101 creatures vanquished.

Vanquished Creatures (collateral kills)
  Natasha (twice) (D:2)
  5 gnolls
  2 adders (D:2)
  A worm (D:2)
  A dart slug (D:2)
  4 orcs
  4 bats
  2 giant cockroaches (D:1)
  8 goblins
  2 hobgoblins
  3 jackals (D:1)
  3 rats
37 creatures vanquished.

Grand Total: 138 creatures vanquished

Notes
Turn   | Place    | Note
--------------------------------------------------------------
     0 | D:1      | Jerry the Merfolk Summoner began the quest for the Orb.
     0 | D:1      | Reached XP level 1. HP: 13/13 MP: 3/3
    63 | D:1      | Reached XP level 2. HP: 9/19 MP: 3/5
   492 | D:1      | Reached XP level 3. HP: 11/24 MP: 6/6
  1545 | D:1      | Reached XP level 4. HP: 30/30 MP: 7/7
  1550 | D:1      | Learned a level 3 spell: Call Canine Familiar
  1904 | D:1      | Reached skill level 1 in Polearms
  2100 | D:2      | Noticed Natasha
  2114 | D:2      | Killed Natasha
  2114 | D:2      | Reached XP level 5. HP: 16/35 MP: 4/8
  2486 | D:2      | Noticed Natasha
  2504 | D:2      | Killed Natasha
  2504 | D:2      | Reached skill level 5 in Summonings
  2578 | D:2      | Noticed Natasha
  2583 | D:2      | Killed Natasha
  3098 | D:2      | Found a faded altar to an unknown god.
  3437 | D:3      | Reached skill level 5 in Dodging
  3437 | D:3      | Reached XP level 6. HP: 19/41 MP: 2/9
  3603 | D:3      | Found a glowing drain.
  3607 | Sewer    | Entered a sewer
  5322 | D:3      | Killed from afar by an orc wizard

Skill      XL: |  1  2  3  4  5 |
---------------+----------------+-----
Dodging        | 3 4 5 |  5.5
Stealth        | 3 |  3.1
Polearms       | 1 3 |  3.7
Summonings     | 5 |  5.7
Spellcasting   | |  2.0

Action                   |  1- 3 |  4- 6 || total
-------------------------+-------+-------++-------
Melee: Dagger            |   116 |       ||   116
       Unarmed           |     1 |       ||     1
       Spear             |     4 |   367 ||   371
       Tailslap          |       |     1 ||     1
 Fire: Hunting sling     |     1 |    13 ||    14
 Cast: Summon Small Mamm |    17 |     2 ||    19
       Call Canine Famil |       |    19 ||    19
  Use: Scroll            |     4 |     5 ||     9
 Stab: Sleeping          |     4 |    21 ||    25
       Distracted        |     2 |     2 ||     4
  Eat: Chunk             |     2 |    15 ||    17
Armor: Robe              |    22 |    39 ||    61
Dodge: Dodged            |    88 |   206 ||   294
